[Event "23rd ETCC Women 2021"]
[Site "Catez"]
[Date "2021.11.19"]
[Round "7.43"]
[White "Andric, Jelena"]
[Black "Janzelj, Lara"]
[Result "0-1"]
[ECO "A26"]
[WhiteElo "2041"]
[BlackElo "2150"]
[Annotator "NA"]
[PlyCount "64"]
[EventDate "2021.11.08"]
[EventType "team-tourn"]
[EventCountry "SLO"]
[SourceTitle "playchess.com"]
[Source "ChessBase"]
[SourceQuality "1"]
[WhiteTeam "Sweden"]
[BlackTeam "Slovenia"]
[WhiteTeamCountry "SWE"]
[BlackTeamCountry "SLO"]
[TimeControl "40/5400+30:1800+30"]

1. c4 Nf6 2. Nc3 g6 3. g3 Bg7 4. Bg2 d6 5. Nf3 O-O 6. O-O e5 7. d3 Nc6 8. Rb1 a5 9. a3 Ne8 10. b4 axb4 11. axb4 f5 12. Bg5 Qd7 13. Nd5 h6 14. b5 Nd8 15. Bd2 Ne6 16. Qc1 Kh7 17. Bc3 Nf6 18.
Ne1 f4 19. Nxf6+ Bxf6 20. Nc2 Bg5 21. Bd2 Ra2 22. h4 f3 23.
hxg5 Rxc2 24. Qxc2 Nd4 25. Qd1 Nxe2+ 26. Qxe2 fxe2 27. Rfe1 Qf5 28. Rxe2 Qxd3 29. Rbe1 Bg4 30. Be4 Qd4 31. Re3 Qxd2 32. f4 hxg5 0-1

[Event "23rd ETCC Women 2021"]
[Site "Catez"]
[Date "2021.11.19"]
[Round "7.44"]
[White "Rozman, Monika"]
[Black "Cramling Bellon, Anna"]
[Result "0-1"]
[ECO "B40"]
[WhiteElo "2112"]
[BlackElo "2035"]
[Annotator "ChessBase"]
[PlyCount "100"]
[EventDate "2021.11.08"]
[EventType "team-tourn"]
[EventCountry "SLO"]
[SourceTitle "playchess.com"]
[Source "ChessBase"]
[SourceQuality "1"]
[WhiteTeam "Slovenia"]
[BlackTeam "Sweden"]
[WhiteTeamCountry "SLO"]
[BlackTeamCountry "SWE"]
[TimeControl "40/5400+30:1800+30"]

1. e4 c5 2. Nf3 Nf6 3. Nc3 d5 4. exd5 Nxd5 5. Be2 Nc6 6.
O-O e6 7. Re1 Be7 8. Bb5 Qc7 9. Nxd5 exd5 10. d4 O-O 11. dxc5 Bxc5 12. Qxd5 Nb4 13. Qc4 a6 14. Be3 axb5 15. Qxc5 Qxc5 16. Bxc5 Nxc2 17. Bxf8 Kxf8 18. Rac1 Nxe1 19. Nxe1 Bf5 20. Rc5 Bd7 21. a3 b4 22. Nc2 bxa3 23. bxa3 Ke7 24. f3 Rc8 25. Rxc8 Bxc8 26. Kf2 Kd6 27. Ke3 Kc5 28. Ke4 Kc4 29. Nd4 Bd7 30. g4 Ba4 31. f4 Kc3 32. Ke5 Kb2 33.
Nf5 Kxa3 34. Nxg7 Bc2 35. Ne8 b5 36. Nd6 b4 37. Kd4 b3 38.
Kc3 Bd1 39. Nc4+ Ka2 40. g5 Be2 41. Nd2 b2 42. h4 b1=Q 43. Nxb1 Kxb1 44. Kd4 Kc2 45.
Ke5 Kd3 46. f5 Bh5 47. Kf4 Kd4 48. g6 hxg6 49. Kg5 Ke5 50. fxg6 fxg6 0-1

[Event "23rd ETCC Women 2021"]
[Site "Catez"]
[Date "2021.11.19"]
[Round "7.45"]
[White "Atalik, Ekaterina"]
[Black "Georgescu, Lena"]
[Result "1/2-1/2"]
[ECO "E04"]
[WhiteElo "2430"]
[BlackElo "2262"]
[Annotator "NA"]
[PlyCount "87"]
[EventDate "2021.11.08"]
[EventType "team-tourn"]
[EventCountry "SLO"]
[SourceTitle "playchess.com"]
[Source "ChessBase"]
[SourceQuality "1"]
[WhiteTeam "Turkey"]
[BlackTeam "Switzerland"]
[WhiteTeamCountry "TUR"]
[BlackTeamCountry "SUI"]
[TimeControl "40/5400+30:1800+30"]

1. d4 Nf6 2. Nf3 d5 3. g3 c5 4. c4 cxd4 5. Bg2 e6 6. O-O dxc4 7. Qxd4 Be7 8. Qxc4 Nc6 9. Nc3 O-O 10. Bf4 Bd7 11. e4 Rc8 12. Qe2 Qa5 13.
e5 Nd5 14. Nxd5 exd5 15. Rfd1 Be6 16. a3 h6 17. b4 Qb6 18. h4 a6 19. Rd2 Rfd8 20. Rad1 d4 21. Kh2 Bb3 22. Bh3 Bxd1 23. Qxd1 Ra8 24. e6 f6 25. h5 a5 26. Nh4 axb4 27. Nf5 Ra5 28. Qg4 Rxf5 29. Qxf5 Bf8 30. Qg6 Ne7 31. Qf7+ Kh8 32. axb4 Qxb4 33. Bg2 f5 34. Be3 Kh7 35. Rxd4 Rxd4 36. Qxf8 Rd1 37. Bf4 Qc5 38. Be3 Qb4 39. Qf7 b6 40. Bh3 Qe4 41. Bg2 Qb4 42. Qf8 Qd6 43. Bxh6 gxh6 44. Qf7+ 1/2-1/2

[Event "23rd ETCC Women 2021"]
[Site "Catez"]
[Date "2021.11.19"]
[Round "7.46"]
[White "Hakimifard, Ghazal"]
[Black "Caglar, Sila"]
[Result "1/2-1/2"]
[ECO "B83"]
[WhiteElo "2267"]
[BlackElo "2250"]
[Annotator "ChessBase"]
[PlyCount "144"]
[EventDate "2021.11.08"]
[EventType "team-tourn"]
[EventCountry "SLO"]
[SourceTitle "playchess.com"]
[Source "ChessBase"]
[SourceQuality "1"]
[WhiteTeam "Switzerland"]
[BlackTeam "Turkey"]
[WhiteTeamCountry "SUI"]
[BlackTeamCountry "TUR"]
[TimeControl "40/5400+30:1800+30"]

1. e4 c5 2. Nf3 e6 3. d4 cxd4 4. Nxd4 Nc6 5. Nc3 Qc7 6. Be2 Nf6 7. O-O Be7 8. Be3 d6 9. Kh1 O-O 10. f4 Nxd4 11. Bxd4 b6 12. e5 dxe5 13. fxe5 Nd7 14. Nb5 Qb8 15. Bd3 Bb7 16. Qg4 Nxe5 17. Bxh7+ Kxh7 18. Qh5+ Kg8 19. Bxe5 Qc8 20. Qg4 f6 21. Bd6 Qd7 22. Bxe7 Qxe7 23. Rae1 Rae8 24. Nd4 Bc8 25. Qh4 Qb4 26. Re4 Qxb2 27. Qh5 e5 28. Rfe1 Be6 29. Nxe6 Rxe6 30. Qf5 Qxa2 31. Rh4 Kf7 32. Rh7 Rg8 33. Rd1 Rd6 34. Rf1 Qc4 35. h3 a5 36. Rf3 Qe6 37. Qh5+ Kf8 38.
Rc3 Rc6 39. Rd3 Rd6 40. Rc3 e4 41. Qe2 Rd5 42. Rh5 Rxh5 43.
Qxh5 Ke7 44. Rc7+ Kd6 45. Rc3 Qe5 46. Qd1+ Ke7 47. Rb3 Rd8 48. Qg4 f5 49. Qh4+ Qf6 50. Qh5 Qa1+ 51. Kh2 Qe5+ 52. Kh1 Rd6 53. c4 Qf4 54. Rb5 Rf6 55. Rb1 e3 56. c5 Qe4 57. Re1 bxc5 58.
Qg5 f4 59. Qxg7+ Ke6 60. Qg8+ Ke5 61. Qe8+ Re6 62. Qh8+ Kd5 63. Qa8+ Kd4 64. Rd1+ Kc3 65. Qxa5+ Kc2 66. Re1 e2 67. Qxc5+ Kd2 68. Qc1+ Kd3 69. Qa3+ Kd4 70. Qb2+ Kd3 71. Qa3+ Kd4 72. Qb2+ Kd3 1/2-1/2

[Event "23rd ETCC Women 2021"]
[Site "Catez"]
[Date "2021.11.19"]
[Round "7.47"]
[White "Kocyigit, Buse Naz"]
[Black "Stoeri, Laura"]
[Result "1-0"]
[ECO "A30"]
[WhiteElo "2034"]
[BlackElo "2130"]
[Annotator "ChessBase"]
[PlyCount "103"]
[EventDate "2021.11.08"]
[EventType "team-tourn"]
[EventCountry "SLO"]
[SourceTitle "playchess.com"]
[Source "ChessBase"]
[SourceQuality "1"]
[WhiteTeam "Turkey"]
[BlackTeam "Switzerland"]
[WhiteTeamCountry "TUR"]
[BlackTeamCountry "SUI"]
[TimeControl "40/5400+30:1800+30"]

1. Nf3 c5 2. c4 Nf6 3. d4 cxd4 4. Nxd4 e6 5. g3 Be7 6. Bg2 O-O 7. O-O a6 8. Nc3 d6 9. b3 Nbd7 10. Qd2 Re8 11. Rd1 Bf8 12. Ba3 Qc7 13.
Rac1 Qb8 14. Nc2 Nc5 15. b4 Ncd7 16. b5 Nc5 17. bxa6 Rxa6 18. Nb5 Bd7 19. Rb1 Rc8 20. Nbd4 d5 21. Bxc5 Bxc5 22. cxd5 exd5 23. Ne3 Ra4 24. Nef5 h6 25. e3 Qe5 26. Nh4 Rca8 27. Rxb7 Rxa2 28. Rb2 Ra1 29. Nhf3 Qh5 30. Rbb1 R1a4 31. Rdc1 Ne4 32. Qd3 Ra3 33. Qc2 Bg4 34. Rb3 Ra2 35. Rb2 R2a4 36. Rcb1 Rc4 37. Rb8+ Rxb8 38. Rxb8+ Kh7 39. Qb1 Bh3 40. Nd2 Bxg2 41. Nxc4 Bxd4 42. Kxg2 Qe2 43. Qf1 Qa2 44. exd4 dxc4 45. Qe1 Qc2 46. Re8 f5 47. Qe3 c3 48. Qf4 Nf6 49. Re5 Kg6 50. Rc5 Ng4 51. h3 Nf6 52. Qf3 1-0

[Event "23rd ETCC Women 2021"]
[Site "Catez"]
[Date "2021.11.19"]
[Round "7.49"]
[White "Hrescak, Ivana"]
[Black "Medic, Mirjana"]
[Result "1/2-1/2"]
[ECO "A14"]
[WhiteElo "2138"]
[BlackElo "2196"]
[Annotator "NA"]
[PlyCount "70"]
[EventDate "2021.11.08"]
[EventType "team-tourn"]
[EventCountry "SLO"]
[SourceTitle "playchess.com"]
[Source "ChessBase"]
[SourceQuality "1"]
[WhiteTeam "Slovenia"]
[BlackTeam "Croatia"]
[WhiteTeamCountry "SLO"]
[BlackTeamCountry "CRO"]
[TimeControl "40/5400+30:1800+30"]

1. c4 e6 2. g3 d5 3. Bg2 c6 4. Qc2 Nf6 5. Nf3 Be7 6. b3 O-O 7. Bb2 b6 8. O-O Bb7 9. e3 Nbd7 10. d3 c5 11. Nc3 Rc8 12. Rfd1 Qc7 13. Rac1 Qb8 14. Qe2 Rfd8 15. cxd5 Nxd5 16. Nxd5 Bxd5 17. d4 Qb7 18. Ne1 Bxg2 19. Nxg2 Bf6 20. dxc5 Bxb2 21. c6 Rxc6 22. Rxc6 Qxc6 23. Qxb2 Rc8 24. Qd4 Nf6 25. Nf4 h6 26. Nd3 Qf3 27. Ne5 Qf5 28. g4 Qc2 29. Rd2 Qb1+ 30.
Kg2 Ne4 31. Rb2 Qc1 32. Nc4 Nf6 33. h3 b5 34. Ne5 Qc7 35.
Rd2 Nd5 1/2-1/2

[Event "23rd ETCC Women 2021"]
[Site "Catez"]
[Date "2021.11.19"]
[Round "7.50"]
[White "Berke, Ana"]
[Black "Kolaric, Spela"]
[Result "1/2-1/2"]
[ECO "C49"]
[WhiteElo "2135"]
[BlackElo "2178"]
[Annotator "NA"]
[PlyCount "69"]
[EventDate "2021.11.08"]
[EventType "team-tourn"]
[EventCountry "SLO"]
[SourceTitle "playchess.com"]
[Source "ChessBase"]
[SourceQuality "1"]
[WhiteTeam "Croatia"]
[BlackTeam "Slovenia"]
[WhiteTeamCountry "CRO"]
[BlackTeamCountry "SLO"]
[TimeControl "40/5400+30:1800+30"]

1. e4 e5 2. Nf3 Nc6 3. Nc3 Nf6 4. Bb5 Bb4 5. O-O O-O 6. d3 d6 7. Bg5 Bxc3 8. bxc3 Bg4 9. h3 Bxf3 10. Qxf3 h6 11. Bxf6 Qxf6 12. Qxf6 gxf6 13. f4 Kg7 14. Rf3 Rad8 15. Rb1 Ne7 16. d4 b6 17. Rbf1 Ng6 18. g3 exf4 19. gxf4 Rg8 20. Kh2 Kf8 21. f5 Ne7 22. Re3 Rg5 23. h4 Rg8 24. Kh3 a5 25. Bd3 Nc6 26. Be2 Ke7 27. Re1 Rg7 28.
Bb5 Na7 29. Bf1 Nc6 30. Bb5 Na7 31. Bc4 Nc6 32. Bb5 Na7 33.
Bf1 Nc6 34. Bb5 Na7 35. Bd3 1/2-1/2

[Event "23rd ETCC Women 2021"]
[Site "Catez"]
[Date "2021.11.19"]
[Round "7.51"]
[White "Ruzic, Pia Marie"]
[Black "Radikovic, Anamarija"]
[Result "1-0"]
[ECO "A28"]
[WhiteElo "2049"]
[BlackElo "2124"]
[Annotator "NA"]
[PlyCount "75"]
[EventDate "2021.11.08"]
[EventType "team-tourn"]
[EventCountry "SLO"]
[SourceTitle "playchess.com"]
[Source "ChessBase"]
[SourceQuality "1"]
[WhiteTeam "Slovenia"]
[BlackTeam "Croatia"]
[WhiteTeamCountry "SLO"]
[BlackTeamCountry "CRO"]
[TimeControl "40/5400+30:1800+30"]

1. c4 e5 2. Nc3 Nf6 3. Nf3 Nc6 4. e3 d5 5. cxd5 Nxd5 6. Bb5 Nxc3 7. bxc3 Bd6 8. d4 exd4 9. cxd4 O-O 10. O-O Bg4 11. a4 Qe7 12. Be2 Rad8 13. Qb3 Rfe8 14. Ba3 Nb4 15. a5 Nc2 16. Qxc2 Bxa3 17. Ng5 Qxg5 18. Bxg4 Bd6 19. Bf3 Re6 20. Bxb7 Qh5 21. g3 Rh6 22. f4 Re8 23. Bf3 Qh3 24. e4 Bb4 25. Rf2 Qd7 26. Qa4 Qe7 27. Rc1 c5 28. d5 Ra6 29. e5 Rxa5 30. Qc6 Rb8 31. d6 Qd8 32. Kg2 Rab5 33.
Be2 R5b6 34. Qd5 Ba3 35. Ra1 Rb3 36. Bc4 Bb2 37. Qxf7+ Kh8 38. Rxa7 1-0

[Event "23rd ETCC Women 2021"]
[Site "Catez"]
[Date "2021.11.19"]
[Round "7.52"]
[White "Vujnovic, Patricija"]
[Black "Mihelic, Vesna"]
[Result "1/2-1/2"]
[ECO "D36"]
[WhiteElo "2151"]
[BlackElo "1912"]
[Annotator "RC"]
[PlyCount "138"]
[EventDate "2021.11.08"]
[EventType "team-tourn"]
[EventCountry "SLO"]
[SourceTitle "playchess.com"]
[Source "ChessBase"]
[SourceQuality "1"]
[WhiteTeam "Croatia"]
[BlackTeam "Slovenia"]
[WhiteTeamCountry "CRO"]
[BlackTeamCountry "SLO"]
[TimeControl "40/5400+30:1800+30"]

1. d4 d5 2. c4 e6 3. Nc3 Nf6 4. cxd5 exd5 5. Bg5 Nbd7 6. e3 Be7 7. Bd3 c6 8. Qc2 Nf8 9. Nge2 Ng6 10. h3 Qd6 11. O-O-O h6 12. Bxf6 Qxf6 13. Ng3 h5 14. Kb1 h4 15. Nf5 Be6 16. g4 hxg3 17. fxg3 Bf8 18. Rdf1 Qg5 19. h4 Qg4 20. e4 Bxf5 21. exf5 Ne7 22. Qf2 Qh5 23. Qf4 O-O-O 24. g4 Qh6 25. Qxh6 gxh6 26. f6 Ng8 27. g5 Bb4 28. Kc2 Kc7 29. Nd1 Bd6 30. Nc3 b6 31. a3 Bg3 32. Ne2 Bd6 33.
Nc3 Bg3 34. Rh3 Bd6 35. Rhf3 hxg5 36. hxg5 Rh2+ 37. R3f2 Rh4 38. Ne2 c5 39. Bf5 cxd4 40. Kd3 Be5 41. Rg2 Kd6 42. Bg4 Re8 43. b4 a6 44. a4 b5 45. axb5 axb5 46. Ra1 Bxf6 47. Ra6+ Ke5 48. gxf6 Nxf6 49. Bf3 Ne4 50. Nxd4 Nf2+ 51. Kc3 Rxd4 52. Rxf2 Rc8+ 53. Kb3 Rd3+ 54. Kb2 Rc4 55. Ra3 Rxb4+ 56. Ka2 Rxa3+ 57. Kxa3 Rf4 58. Re2+ Kd4 59. Bh5 Kd3 60. Rb2 b4+ 61. Kb3 f5 62. Bf7 Rd4 63. Bg6 Rf4 64. Bf7 Rd4 65. Rf2 f4 66. Bxd5 Rxd5 67. Rxf4 Rb5 68. Rxb4 Rxb4+ 69. Kxb4 Kd4 1/2-1/2

[Event "23rd ETCC Women 2021"]
[Site "Catez"]
[Date "2021.11.19"]
[Round "7.53"]
[White "Stojkovska, Monika"]
[Black "Dolzhikova, Olga"]
[Result "1-0"]
[ECO "B15"]
[WhiteElo "2066"]
[BlackElo "2187"]
[Annotator "NA"]
[PlyCount "57"]
[EventDate "2021.11.08"]
[EventType "team-tourn"]
[EventCountry "SLO"]
[SourceTitle "playchess.com"]
[Source "ChessBase"]
[SourceQuality "1"]
[WhiteTeam "Macedonia"]
[BlackTeam "Norway"]
[WhiteTeamCountry "MKD"]
[BlackTeamCountry "NOR"]
[TimeControl "40/5400+30:1800+30"]

1. e4 g6 2. d4 Bg7 3. Nc3 c6 4. h3 d5 5. Nf3 Nf6 6. Bd3 dxe4 7. Nxe4 Nxe4 8.
Bxe4 Nd7 9. O-O O-O 10. Re1 Qc7 11. Bg5 Re8 12. c3 Nf6 13.
Bc2 Nd5 14. c4 Nb4 15. Be4 c5 16. Qd2 Na6 17. d5 Qb6 18. Rab1 Nb8 19. Bc2 Bf6 20. b4 Nd7 21. Ba4 Rd8 22. Be3 Qc7 23. Bxd7 Bxd7 24. bxc5 Bf5 25. Rbc1 b6 26. c6 Qd6 27. Nd4 a6 28. Nxf5 gxf5 29. Bxb6 1-0

[Event "23rd ETCC Women 2021"]
[Site "Catez"]
[Date "2021.11.19"]
[Round "7.54"]
[White "Machlik, Monika"]
[Black "Trajkovska, Sanja"]
[Result "1-0"]
[ECO "D11"]
[WhiteElo "2096"]
[BlackElo "1960"]
[Annotator "NA"]
[PlyCount "77"]
[EventDate "2021.11.08"]
[EventType "team-tourn"]
[EventCountry "SLO"]
[SourceTitle "playchess.com"]
[Source "ChessBase"]
[SourceQuality "1"]
[WhiteTeam "Norway"]
[BlackTeam "Macedonia"]
[WhiteTeamCountry "NOR"]
[BlackTeamCountry "MKD"]
[TimeControl "40/5400+30:1800+30"]

1. d4 d5 2. c4 dxc4 3. e4 b5 4. a4 c6 5. Nf3 Nf6 6. e5 Nd5 7. Be2 e6 8. O-O Be7 9. b3 cxb3 10.
axb5 cxb5 11. Bxb5+ Bd7 12. Qxb3 Bxb5 13. Qxb5+ Qd7 14. Qd3 Nc6 15. Nc3 Ndb4 16. Qe4 Rd8 17. Rd1 Nd5 18. Ne2 O-O 19. Ng5 Bxg5 20. Bxg5 f6 21. exf6 gxf6 22. Bh6 Rfe8 23. Ra3 Nce7 24. Rg3+ Ng6 25. h4 Kh8 26. h5 f5 27. Qd3 Nf8 28. Rb1 Nf6 29. Bg7+ Qxg7 30. Rxg7 Kxg7 31. Rb7+ N8d7 32. Nf4 Kf7 33. d5 e5 34. Ne6 Nxh5 35. Qxf5+ Nhf6 36. Nxd8+ Rxd8 37. Qxe5 Re8 38. Qf5 Rd8 39. Rxa7 1-0

[Event "23rd ETCC Women 2021"]
[Site "Catez"]
[Date "2021.11.19"]
[Round "7.55"]
[White "Nikolovska, Dragana"]
[Black "Machlik, Edit"]
[Result "1/2-1/2"]
[ECO "B12"]
[WhiteElo "1877"]
[BlackElo "2087"]
[Annotator "ChessBase"]
[PlyCount "101"]
[EventDate "2021.11.08"]
[EventType "team-tourn"]
[EventCountry "SLO"]
[SourceTitle "playchess.com"]
[Source "ChessBase"]
[SourceQuality "1"]
[WhiteTeam "Macedonia"]
[BlackTeam "Norway"]
[WhiteTeamCountry "MKD"]
[BlackTeamCountry "NOR"]
[TimeControl "40/5400+30:1800+30"]

1. e4 c6 2. d4 d5 3. e5 Bf5 4. h4 h5 5. Bg5 Qb6 6. Bd3 Bxd3 7. Qxd3 e6 8.
Nd2 Ne7 9. Ngf3 Qa6 10. c4 Nf5 11. O-O Nd7 12. Qc3 dxc4 13.
Nxc4 Nb6 14. Nxb6 axb6 15. Rfd1 Qa5 16. Qb3 Qb4 17. Qc2 Qa4 18. Qe4 Ra5 19. Rac1 Rd5 20. g3 b5 21. Kg2 Be7 22. Bxe7 Kxe7 23. Qf4 Ke8 24. Rd3 Qa5 25. Ra3 Qd8 26. Rd1 Rh6 27. Ra7 Qb8 28. Ra5 Qd8 29. Qd2 Rg6 30. Kh3 Rg4 31. Qb4 Qe7 32. Ra8+ Rd8 33. Qa5 Qd7 34. Rd3 Ne7 35. Ra3 Nc8 36. Qb4 Qe7 37. Qe1 Nb6 38. Rxd8+ Qxd8 39. Ra7 Qd7 40. Qa5 Nc8 41. Ra8 Qd8 42. Qa3 Qc7 43. Qe3 Kd7 44. Ng5 Ne7 45. Rf8 Qb6 46. Qa3 Qxd4 47. Qa8 Rxg3+ 48. fxg3 Qg4+ 49. Kg2 Qe2+ 50. Kh3 Qg4+ 51. Kg2 1/2-1/2

[Event "23rd ETCC Women 2021"]
[Site "Catez"]
[Date "2021.11.19"]
[Round "7.56"]
[White "Rodsmoen, Maud"]
[Black "Manova, Ivana"]
[Result "0-1"]
[ECO "C25"]
[WhiteElo "1953"]
[BlackElo "1809"]
[Annotator "NA"]
[PlyCount "64"]
[EventDate "2021.11.08"]
[EventType "team-tourn"]
[EventCountry "SLO"]
[SourceTitle "playchess.com"]
[Source "ChessBase"]
[SourceQuality "1"]
[WhiteTeam "Norway"]
[BlackTeam "Macedonia"]
[WhiteTeamCountry "NOR"]
[BlackTeamCountry "MKD"]
[TimeControl "40/5400+30:1800+30"]

1. e4 e5 2. Nc3 Nc6 3. Bc4 Bc5 4. Qg4 Qf6 5. Nd5 Qxf2+ 6.
Kd1 d6 7. Qxg7 h5 8. Qxh8 Bg4+ 9. Ne2 O-O-O 10. Ne3 Bxe3 11. dxe3 Nf6 12. Qh6 d5 13. exd5 Rxd5+ 14. Bd2 Bxe2+ 15. Bxe2 Ne4 16. Kc1 Qxe2 17. Bc3 Nf2 18. Qf8+ Rd8 19. Re1 Qg4 20. h3 Qd7 21. Qxd8+ Nxd8 22. Bxe5 Nc6 23. Bf4 Nb4 24. a3 Nd5 25. Bg3 Ne4 26. Bh4 Nxe3 27. Kb1 Qd2 28. Ka2 Qd5+ 29. b3 Nc3+ 30. Kb2 Qd4 31. Bf6 Qxf6 32. Rxe3 Nd1+ 0-1

[Event "23rd ETCC Women 2021"]
[Site "Catez"]
[Date "2021.11.19"]
[Round "7.57"]
[White "Ptacnikova, Lenka"]
[Black "Toma, Katarzyna"]
[Result "0-1"]
[ECO "A11"]
[WhiteElo "2200"]
[BlackElo "2261"]
[Annotator "NA"]
[PlyCount "86"]
[EventDate "2021.11.08"]
[EventType "team-tourn"]
[EventCountry "SLO"]
[SourceTitle "playchess.com"]
[Source "ChessBase"]
[SourceQuality "1"]
[WhiteTeam "Iceland"]
[BlackTeam "England"]
[WhiteTeamCountry "ISL"]
[BlackTeamCountry "ENG"]
[TimeControl "40/5400+30:1800+30"]

1. Nf3 Nf6 2. g3 d5 3. Bg2 Bf5 4. c4 c6 5. Qb3 Qc8 6. cxd5 cxd5 7. Nc3 e6 8. d3 Nc6 9. O-O Be7 10. Bf4 O-O 11. Rac1 Nh5 12. Bg5 Bxg5 13. Nxg5 Bg6 14. h4 h6 15. Nf3 Nf6 16. Na4 Qb8 17. Nc5 b6 18. Na6 Qd6 19. Rc3 Rac8 20. Rfc1 Bh5 21. Qa4 Ne7 22. Nc7 a5 23. Nd4 e5 24. Ndb5 Qd7 25. e3 Rfd8 26. Qc2 Qf5 27. a4 Bf3 28. Bxf3 Qxf3 29. Qd1 Qf5 30. Qe2 g5 31. hxg5 hxg5 32. f4 gxf4 33. exf4 e4 34. Nd4 Qg6 35. Kg2 Nf5 36. Nxf5 Qxf5 37. d4 Kg7 38. Rh1 Rh8 39. Nb5 Rxh1 40. Kxh1 Rh8+ 41. Kg1 Qh3 42. Qg2 Qg4 43. Qf1 Rh3 0-1

[Event "23rd ETCC Women 2021"]
[Site "Catez"]
[Date "2021.11.19"]
[Round "7.58"]
[White "Head, Louise"]
[Black "Thorsteinsdottir, Hallgerdur"]
[Result "1/2-1/2"]
[ECO "D80"]
[WhiteElo "2069"]
[BlackElo "2010"]
[Annotator "ChessBase"]
[PlyCount "115"]
[EventDate "2021.11.08"]
[EventType "team-tourn"]
[EventCountry "SLO"]
[SourceTitle "playchess.com"]
[Source "ChessBase"]
[SourceQuality "1"]
[WhiteTeam "England"]
[BlackTeam "Iceland"]
[WhiteTeamCountry "ENG"]
[BlackTeamCountry "ISL"]
[TimeControl "40/5400+30:1800+30"]

1. d4 Nf6 2. c4 g6 3. Nc3 d5 4. Bg5 Ne4 5. Bf4 Nxc3 6. bxc3 dxc4 7. Qa4+ Nd7 8. e3 c6 9. Qxc4 Nb6 10. Qb3 Be6 11. Qb2 Bg7 12. Bd3 O-O 13.
Nf3 c5 14. O-O Rc8 15. a4 a5 16. Bg3 f6 17. Rfb1 Nd5 18. e4 Nc7 19. Qb6 Bg4 20. Qxc5 e5 21. Rxb7 Ne6 22. Qa3 Bxf3 23. Qb3 Bg4 24. h3 Kh8 25. Bc4 exd4 26. Bxe6 Bxe6 27. Qxe6 dxc3 28. Rd7 Qe8 29. Qd5 Bh6 30. Qb7 c2 31. Rxh7+ Kg8 32. Bf4 g5 33. Rxh6 Rf7 34. Qb3 gxf4 35. Rc1 Qxe4 36. Rxf6 Rc4 37. Rxf7 Kxf7 38. Kf1 Kg6 39. Qb6+ Rc6 40. Qb5 Rc4 41. Qb3 Qc6 42. Qd3+ Kg5 43. Qb3 Kh6 44. Qd3 Qc5 45. Kg1 Kg5 46. Kh2 Rc3 47. h4+ Kxh4 48. Qg6 Qg5 49. Qh7+ Qh5 50. Qg7 Qc5 51. Qh6+ Kg4 52. Qg6+ Qg5 53. f3+ Kh4 54. Qh7+ Qh5 55. Qe7+ Qg5 56. Qh7+ Qh5 57. Qe7+ Qg5 58. Qh7+ 1/2-1/2

[Event "23rd ETCC Women 2021"]
[Site "Catez"]
[Date "2021.11.19"]
[Round "7.59"]
[White "Johannsdottir, Johanna Bjorg"]
[Black "Bayat, Shohreh"]
[Result "0-1"]
[ECO "C54"]
[WhiteElo "1952"]
[BlackElo "2091"]
[Annotator "NA"]
[PlyCount "120"]
[EventDate "2021.11.08"]
[EventType "team-tourn"]
[EventCountry "SLO"]
[SourceTitle "playchess.com"]
[Source "ChessBase"]
[SourceQuality "1"]
[WhiteTeam "Iceland"]
[BlackTeam "England"]
[WhiteTeamCountry "ISL"]
[BlackTeamCountry "ENG"]
[TimeControl "40/5400+30:1800+30"]

1. e4 e5 2. Nf3 Nc6 3. Bc4 Bc5 4. d3 Nf6 5. h3 d6 6. c3 a6 7. a4 h6 8. O-O Ba7 9. a5 O-O 10. Nbd2 Be6 11. Re1 Re8 12. Bxe6 Rxe6 13. Nf1 d5 14. Qe2 Kh7 15. Ng3 g6 16. Qd2 Ng8 17. Ra4 d4 18. c4 Bc5 19. b4 Bf8 20. b5 Na7 21. bxa6 Rxa6 22. Qb2 b6 23.
axb6 Rxa4 24. bxa7 Qe8 25. Qb3 R4xa7 26. h4 Nf6 27. h5 Ng4 28. Qd1 Qe6 29. Nh4 Ra2 30. Re2 Rxe2 31. Nxe2 Qf6 32. Nf3 Ra1 33. hxg6+ fxg6 34. Qb3 Qb6 35. Qc2 Ba3 36. Qa4 Qd6 37. c5 Qxc5 38. Qd7+ Qe7 39. Qxg4 Bxc1 40. Kh2 Ba3 41. Ng3 Bd6 42. Nh4 Qf7 43. Nf3 Ra8 44. Qh3 Kg7 45. Qg4 Kh7 46. Qh3 Qe7 47. Qg4 Rf8 48. Kg1 Re8 49. Nd2 Qe6 50. Qd1 Bf8 51. Qa4 Bg7 52. Qa7 Qb6 53. Qa4 Rf8 54. Qc2 Qb4 55. Ne2 c5 56. Kf1 Ra8 57. Nb3 Rb8 58.
Nxc5 Rc8 59. Na6 Rxc2 60. Nxb4 Rb2 0-1

[Event "23rd ETCC Women 2021"]
[Site "Catez"]
[Date "2021.11.19"]
[Round "7.60"]
[White "Varney, Zoe"]
[Black "Hauksdottir, Hrund"]
[Result "1-0"]
[ECO "C22"]
[WhiteElo "1955"]
[BlackElo "1731"]
[Annotator "NA"]
[PlyCount "57"]
[EventDate "2021.11.08"]
[EventType "team-tourn"]
[EventCountry "SLO"]
[SourceTitle "playchess.com"]
[Source "ChessBase"]
[SourceQuality "1"]
[WhiteTeam "England"]
[BlackTeam "Iceland"]
[WhiteTeamCountry "ENG"]
[BlackTeamCountry "ISL"]
[TimeControl "40/5400+30:1800+30"]

1. e4 e5 2. d4 exd4 3. Qxd4 Nc6 4. Qe3 Nf6 5. Nc3 Bb4 6.
Bd2 O-O 7. O-O-O Qe7 8. f3 d6 9. g4 a5 10. g5 Nd7 11. Nd5 Qd8 12. f4 Bxd2+ 13. Rxd2 Nb4 14. Nc3 Nb6 15. f5 Re8 16. Qf4 Qe7 17. Nf3 f6 18. h4 Bd7 19. Rg2 Kh8 20. h5 fxg5 21. Rxg5 h6 22. Rg6 Rf8 23. Nh4 Be8 24. Rxh6+ gxh6 25. Qxh6+ Qh7 26. Qxf8+ Qg8 27. Qh6+ Qh7 28. Ng6+ Kg8 29. Qf8# 1-0

[Event "23rd ETCC Women 2021"]
[Site "Catez"]
[Date "2021.11.20"]
[Round "8.1"]
[White "Muzychuk, Anna"]
[Black "Goryachkina, Aleksandra"]
[Result "1/2-1/2"]
[ECO "C67"]
[WhiteElo "2533"]
[BlackElo "2604"]
[Annotator "RC"]
[PlyCount "89"]
[EventDate "2021.11.08"]
[EventType "team-tourn"]
[EventCountry "SLO"]
[SourceTitle "playchess.com"]
[Source "ChessBase"]
[SourceQuality "1"]
[WhiteTeam "Ukraine"]
[BlackTeam "Russia"]
[WhiteTeamCountry "UKR"]
[BlackTeamCountry "RUS"]
[TimeControl "40/5400+30:1800+30"]

1. e4 e5 2. Nf3 Nc6 3. Bb5 Nf6 4. O-O Nxe4 5. d4 Nd6 6.
Bxc6 dxc6 7. dxe5 Nf5 8. Qxd8+ Kxd8 9. h3 Ke8 10. Nc3 h5 11.
Bf4 Be7 12. Rad1 Nh4 13. Nd4 Nf5 14. Nf3 Nh4 15. Nd4 Nf5 16.
Nce2 g5 17. Bh2 Rh6 18. Nxf5 Bxf5 19. Nd4 Bd7 20. f4 gxf4 21. Bxf4 Rg6 22. e6 Bxe6 23. Nxe6 fxe6 24. Bxc7 Rc8 25. Be5 Rd8 26. Rxd8+ Bxd8 27. Bd4 a6 28. Bc5 Be7 29. Bxe7 Kxe7 30. Rf4 Rg5 31. Kf2 Rb5 32. b3 Ra5 33. a4 Rc5 34. Rc4 Rf5+ 35. Ke3 Re5+ 36. Re4 Rg5 37. g4 hxg4 38. hxg4 Kf6 39. Rf4+ Ke7 40. Kf3 e5 41. Re4 Ke6 42. Re2 Rg7 43. Rg2 a5 44. Ke4 Rg5 45. Kf3 1/2-1/2

[Event "23rd ETCC Women 2021"]
[Site "Catez"]
[Date "2021.11.20"]
[Round "8.2"]
[White "Lagno, Kateryna"]
[Black "Osmak, Iulija"]
[Result "1-0"]
[ECO "B12"]
[WhiteElo "2550"]
[BlackElo "2423"]
[Annotator "ChessBase"]
[PlyCount "81"]
[EventDate "2021.11.08"]
[EventType "team-tourn"]
[EventCountry "SLO"]
[SourceTitle "playchess.com"]
[Source "ChessBase"]
[SourceQuality "1"]
[WhiteTeam "Russia"]
[BlackTeam "Ukraine"]
[WhiteTeamCountry "RUS"]
[BlackTeamCountry "UKR"]
[TimeControl "40/5400+30:1800+30"]

1. e4 c6 2. d4 d5 3. e5 Bf5 4. Nd2 e6 5. Nb3 Nd7 6. Nf3 Be4 7. Be2 c5 8. c3 Ne7 9. Nxc5 Nxc5 10. dxc5 Nc6 11. Be3 Bxf3 12. Bxf3 Nxe5 13. Be2 Be7 14. Bb5+ Nc6 15. O-O O-O 16. Qe2 Qc7 17. Rad1 Rad8 18. f4 Bf6 19. Bxc6 bxc6 20. Bd4 Qe7 21. b4 Rb8 22. Be5 Bxe5 23. fxe5 a5 24. a3 Ra8 25. Rd3 Ra7 26. Qh5 f5 27. exf6 gxf6 28. Rg3+ Kh8 29. Qh6 Qf7 30. Rg6 f5 31. Rxe6 axb4 32. axb4 Ra2 33. Rxc6 Rg8 34. g3 Re8 35. Rf6 Qg7 36. Qxg7+ Kxg7 37. R6xf5 Rc2 38. R1f2 Rxc3 39. Rxd5 Rb3 40. Rd4 Re1+ 41. Kg2 1-0